 Dungeon Crawl Stone Soup version 0.22-a0-348-gd16d139 (webtiles) character file.

2 mhoghedin the Sneak (level 1, -1/11 HPs)
             Began as a Kobold Enchanter on Apr 9, 2018.
             Slain by a jackal (2 damage)
             ... on level 1 of the Dungeon.
             The game lasted 00:00:20 (205 turns).

mhoghedin the Sneak (Kobold Enchanter)               Turns: 205, Time: 00:00:20

Health: -1/11      AC:  2    Str:  5    XL:     1   Next: 44%
Magic:  3/3        EV: 15    Int: 16    God:
Gold:   11         SH:  0    Dex: 15    Spells: 3/4 levels left

rFire    . . .     SeeInvis .   a - +1 dagger
rCold    . . .     Gourm    .   (shield restricted)
rNeg     . . .     Faith    .   b - +0 robe
rPois    .         Spirit   .   (no helmet)
rElec    .         Reflect  .   (no cloak)
rCorr    .         Harm     .   (no gloves)
MR       .....                  (no boots)
Stlth    +++.......             (no amulet)
HPRegen  0.03/turn              (no ring)
MPRegen  0.08/turn              (no ring)

@: no status effects
A: small, carnivore
a: no special abilities


You were on level 1 of the Dungeon.
You were not hungry.

You visited 1 branch of the dungeon, and saw 1 of its levels.

You collected 11 gold pieces.

Inventory:

Hand Weapons
 a - a +1 dagger (weapon)
Armour
 b - a +0 robe (worn)
Comestibles
 d - a ration


   Skills:
 + Level 0.4 Fighting
 + Level 1.7 Short Blades
 - Level 2.4 Dodging
 - Level 4.0 Stealth
 - Level 2.1 Spellcasting
 - Level 3.0 Hexes


You had 3 spell levels left.
You knew the following spells:

 Your Spells              Type           Power        Failure   Level  Hunger
v - Corona                Hex            ##.....      6%          1    #......


Dungeon Overview and Level Annotations

Branches:
Dungeon (1/15)

Altars:


Innate Abilities, Weirdness & Mutations

You are small and have problems with some larger weapons.
You are carnivorous and can eat meat at any time.


Message History

Welcome, mhoghedin the Kobold Enchanter.
Will you prevail where others failed? Will you find the Orb of Zot?
Found a spear and 11 gold pieces.
Found a staircase leading out of the dungeon.
Unknown command.
You now have 11 gold pieces.
You open the door.
There is an open door here.
As you open the door, it creaks loudly!
There is an open door here.
As you open the door, it creaks loudly!
You hear a shout!
A kobold comes into view.
There is an open door here.
A kobold is nearby!
The kobold hits you.
You take 3 damage, and have 7/10 hp.
MASSIVE DAMAGE!!
You barely miss the kobold. You hit the kobold. The kobold hits you.
You take 1 damage, and have 6/10 hp.
You hit the kobold. The kobold hits you but does no damage.
You hit the kobold.
You kill the kobold!
You start resting.
Health restored: 10 A jackal comes into view.
A jackal is nearby!
The jackal barks!
You hear a bark!
You hear a shout!
The jackal misses you.
A jackal comes into view.
You barely miss the jackal. The jackal misses you.
You hit the jackal. The jackal closely misses you.
The jackal barely misses you.
You hit the jackal. The jackal misses you. The jackal closely misses you.
You hit the jackal but do no damage. The jackal bites you.
The jackal bites you but does no damage.
The jackal completely misses you. x2
You take 2 damage, and have 8/10 hp.
You closely miss the jackal.
The jackal bites you but does no damage.
The jackal completely misses you.
You hit the jackal. The jackal misses you. The jackal barely misses you.
You hit the jackal but do no damage. The jackal closely misses you.
The jackal barely misses you. The jackal closely misses you.
You hit the jackal. The jackal bites you. The jackal closely misses you. x2
You take 2 damage, and have 6/10 hp.
You are too injured to fight recklessly!
The jackal bites you.
You take 1 damage, and have 5/10 hp.
The jackal closely misses you.
You are too injured to fight recklessly!
You hit the jackal.
You kill the jackal!
You hit the jackal. The jackal closely misses you.
You hit the jackal. The jackal closely misses you. x2
You barely miss the jackal. The jackal bites you.
You take 2 damage, and have 4/11 hp.
You hit the jackal.
The jackal bites you but does no damage.
You barely miss the jackal. The jackal bites you.
* * * LOW HITPOINT WARNING * * *
You take 2 damage, and have 2/11 hp.
You hit the jackal but do no damage. The jackal closely misses you.
The jackal bites you but does no damage.
You hit the jackal but do no damage. The jackal closely misses you.
You closely miss the jackal. The jackal closely misses you.
You hit the jackal. The jackal closely misses you. The jackal misses you.
You hit the jackal but do no damage. The jackal bites you.
* * * LOW HITPOINT WARNING * * *
You take 1 damage, and have 1/11 hp.
You hit the jackal. The jackal misses you.
You closely miss the jackal. The jackal barely misses you.
The jackal bites you but does no damage.
You hit the jackal but do no damage. The jackal bites you.
You die...

..... ##... .... #...#
#..###.#.# #### ...##.#.# ...
#.#....###.### #+
#..........#.. ..
#...#.#....#.# ####
###.###....#.#.# .#....
#....h@..#.#.#.#.#.###+
.........####.##...#.#.#.#...
.#.##.######..##.###.#.#.#...
... ........'.'.#.#.+..< ....
##......###.#.#.#..) .....
......... #.#.#.#... #...
......... #.#.#.###+ ....
..........#.##.#....
..........#.#.######


You could see a jackal.

Vanquished Creatures
  A jackal (D:1)
  A kobold (D:1)
2 creatures vanquished.

Notes
Turn   | Place    | Note
-------+----------+-------------------------------------------
     0 | D:1      | mhoghedin the Kobold Enchanter began the quest for the Orb.
     0 | D:1      | Reached XP level 1. HP: 10/10 MP: 3/3
   197 | D:1      | HP: 2/11 [jackal (2)]
   202 | D:1      | HP: 1/11 [jackal (1)]
   205 | D:1      | Slain by a jackal

Vault maps used:
D:1:      matt_arrival_los_fun

Action                   || total
-------------------------++-------
Melee: Dagger            ||    26
Armor: Robe              ||     6
Dodge: Dodged            ||    27

Table legend:
 A = Spawn XP
 B = Non-spawn XP
 C = Spawn XP percentage of total XP
 D = Spawn monster count
 E = Non-spawn monster count
 F = Spawn count percentage of total count
 G = Total turns spent on level
                    A         B        C        D         E        F      G
               +---------+---------+-------+---------+---------+-------+---------
         Total |       0 |       4 |   0.0 |       0 |       2 |   0.0 |   205
               +---------+---------+-------+---------+---------+-------+---------
           D:1 |       0 |       4 |   0.0 |       0 |       2 |   0.0 |   205
               +---------+---------+-------+---------+---------+-------+---------

Vault maps used:
D:1:      matt_arrival_los_fun

Table legend:
 A = Turns spent in this place as a percentage of turns spent in the entire game.
 B = Non-inter-level travel turns spent in this place as a percentage of non-inter-level travel turns spent in the entire game.
 C = Inter-level travel turns spent in this place as a percentage of turns spent in this place.
 D = Turns resting spent in this place as a percentage of non-inter-level travel turns spent in this place.
 E = Turns spent auto-exploring this place as a percentage of non-inter-level travel turns spent in this place.
 F = Non-inter-level travel turns spent in this place divided by the number of levels of this place that you've seen.
                   A       B       C       D       E      F
               +-------+-------+-------+-------+-------+----------------------
         Total | 100.0 | 100.0 |   0.0 |  54.6 |  27.3 | 205.0
       Dungeon | 100.0 | 100.0 |   0.0 |  54.6 |  27.3 | 205.0
               +-------+-------+-------+-------+-------+----------------------

Table legend:
 A = Kills in this place as a percentage of kills in entire the game.
 B = Kills by you in this place as a percentage of kills by you in the entire game.
 C = Kills by friends in this place as a percentage of kills by friends in the entire game.
 D = Other kills in this place as a percentage of other kills in the entire game.
 E = Experience gained in this place as a percentage of experience gained in the entire game.
 F = Experience gained in this place divided by the number of levels of this place that you have seen.
                   A       B       C       D       E      F
               +-------+-------+-------+-------+-------+----------------------
         Total | 100.0 | 100.0 |   N/A |   N/A | 100.0 |   4.0
       Dungeon | 100.0 | 100.0 |   N/A |   N/A | 100.0 |   4.0
               +-------+-------+-------+-------+-------+----------------------
